 Dungeon Crawl Stone Soup version 0.30.1-3-gfc49f6343a (webtiles) character file.

Game seed: 16169633310016711834

4 wolfrpgdude the Stinger (level 1, 0/13 HPs)
             Began as a Merfolk Venom Mage on Aug 2, 2023.
             Frozen to death by an endoplasm (4 damage)
             ... on level 1 of the Dungeon.
             The game lasted 00:01:19 (232 turns).

wolfrpgdude the Stinger (Merfolk Venom Mage)         Turns: 232, Time: 00:01:20

Health: 0/13       AC:  2    Str:  8    XL:     1   Next: 70%
Magic:  1/3        EV: 12    Int: 14    God:
Gold:   57         SH:  0    Dex: 14    Spells: 3/4 levels left

rFire   . . .        (no weapon)
rCold   . . .        (no shield)
rNeg    . . .        a - +0 robe
rPois   .            (no helmet)
rElec   .            (no cloak)
rCorr   .            (no gloves)
SInv    .            (no boots)
Will    .....        (no amulet)
Stlth   ++           (no ring)
HPRegen 0.22/turn    (no ring)
MPRegen 0.08/turn

%: no passive effects
@: no status effects
A: (nimble swimmer 2), mertail
a: no special abilities


You were on level 1 of the Dungeon.
You visited 1 branch of the dungeon, and saw 1 of its levels.

You collected 57 gold pieces.

Inventory:

Armour
 a - a +0 robe (worn)
Potions
 b - a potion of magic
 c - a potion of curing {unknown}
 d - a potion of mutation {unknown}


   Skills:
 + Level 2.8 Dodging
 + Level 2.4 Stealth
 + Level 2.0 Spellcasting
 + Level 1.4 Transmutations
 + Level 3.4 Poison Magic


You had 3 spell levels left.
You knew the following spells:

 Your Spells              Type           Power      Damage    Failure   Level
a - Sting                 Tmut/Pois      32%        1d4       9%          1

Your spell library contained the following spells:

 Spells                   Type           Power      Damage    Failure   Level
 Poisonous Vapours        Pois/Air       12%        N/A       19%         2
 Mephitic Cloud           Conj/Pois/Air  4%         N/A       41%         3
 Olgreb's Toxic Radiance  Pois           10%        N/A       52%         4


Dungeon Overview and Level Annotations

Branches:
Dungeon (1/15)

Altars:


Innate Abilities, Weirdness & Mutations

((You are very nimble when in or above water. (Stealth+, EV+, Speed+++)))
Your lower body shifts to a powerful aquatic tail in water.


Message History

Found 15 gold pieces.
A hobgoblin comes into view.
The hobgoblin shouts!
The goblin attacks as you move away! The goblin hits you but does no damage.
The goblin attacks as you move away! The goblin hits you but does no damage.
The hobgoblin hits you. The hobgoblin hits you.
Casting: Sting (safe; 9% risk of failure)
Confirm with . or Enter, or press ? or * to list all spells.
Aiming: Sting (safe; 9% risk of failure)
Press: ? - help, Shift-Dir - straight line, f - hobgoblin
Aim: a hobgoblin (68% to hit)
The sting hits the hobgoblin but does no damage.
The hobgoblin is poisoned.
The hobgoblin barely misses you. The goblin closely misses you.
The hobgoblin attacks as you move away!
The hobgoblin hits you but does no damage.
The endoplasm jiggles.
You kill the hobgoblin!
The goblin closely misses you.
You hit the goblin. Your punch misses the goblin.
The goblin is heavily wounded.
The endoplasm hits you but does no damage.
The goblin closely misses you.
You hit the goblin but do no damage.
The goblin is heavily wounded.
The endoplasm hits you but does no damage.
The goblin hits you with a +0 club.
You closely miss the goblin.
The goblin is heavily wounded.
The endoplasm barely misses you. The goblin hits you with a +0 club.
The endoplasm hits you but does no damage.
You hit the goblin.
The goblin is severely wounded.
The endoplasm barely misses you. x2; The goblin hits you with a +0 club.
You hit the goblin.
You kill the goblin!
The endoplasm freezes you.
You are frozen.
You die...

####...~~≈P~~≈~~
##≈≈≈PP~~≈≈≈≈≈≈≈
≈≈≈≈≈≈≈≈≈≈≈≈≈~~~
≈≈≈≈≈≈≈≈≈≈~~~~~~
######.~~PP..~~..
#####...............#
#................##.#
#...)............##.#
#...@J.$..........#.#
##...J.......####[...
..............# ##..
#.###...........# #.#
#...........# .#
###+#######


You could see 2 endoplasms.

Vanquished Creatures
  An endoplasm (D:1)
  A giant cockroach (D:1)
  A goblin (D:1)
  A hobgoblin (D:1)
  A frilled lizard (D:1)
5 creatures vanquished.

Notes
Turn   | Place    | Note
-------+----------+-------------------------------------------
     0 | D:1      | wolfrpgdude the Merfolk Venom Mage began the quest for the
                  | Orb.
     0 | D:1      | Reached XP level 1. HP: 13/13 MP: 3/3
   232 | D:1      | Frozen to death by an endoplasm

Illustrated notes

Levels and vault maps discovered:
D:1:      lightli_arrival_statuegarden, layout_basic, serial_shops,
          nicolae_shop_peninsula, chequers_big_river, hangedman_decor_lopped,
          dk_noncrumbling_2, minmay_misc_feat_ornament

Action                     || total
---------------------------++-------
  Melee: Unarmed           ||     5
   Cast: Sting             ||     5
 Armour: Robe              ||     9
  Dodge: Dodged            ||    13
